[Event "79th LOTTO Polish-ch 2022"]
[Site "Kruszwica"]
[Date "2022.05.12"]
[Round "2.4"]
[White "Kosakowski, Jakub"]
[Black "Nasuta, Grzegorz"]
[Result "1/2-1/2"]
[ECO "B53"]
[WhiteElo "2435"]
[BlackElo "2511"]
[Annotator "TA"]
[PlyCount "96"]
[EventDate "2022.05.10"]
[EventType "k.o."]
[EventCountry "POL"]
[SourceTitle "playchess.com"]
[Source "ChessBase"]
[SourceQuality "1"]
[TimeControl "40/5400+30:1800+30"]

1. e4 c5 2. Nf3 d6 3. d4 cxd4 4. Qxd4 Nc6 5. Qe3 Nf6 6. Be2 {[%emt 0:00:29] B53: Sicilian: 2...d6: Lines with Qxd4.} g6 7. h3 Bg7 8. O-O {[%emt 0:00:23] The position is equal.} O-O 9. Rd1 Be6 10. Nc3 a6 11. a3 Rc8 12. Nd5 Bxd5 13. exd5 Na5 ({Much less strong is} 13... Ne5 14. Nxe5 dxe5 15. c4 $16) 14. Rb1 Qc7 15. c3 b5 {[%emt 0:00:20][%cal Bb7b5,Bb5a4][%mdl 32] [#]} 16. a4 $146 (16. Ne1 $11) ({Predecessor:} 16. Qd3 Qc4 17. Bg5 Qxd3 18. Bxd3 Nc4 19. Bxf6 Bxf6 20. Ne1 a5 21. Be2 {½-½ (21) Demchenko,A (2679)-Volokitin,A (2634) Germany 2019}) 16... Nc4 $17 17. Qd3 bxa4 18. Ra1 (18. Ne1 $15) 18... Nb6 19. Qxa6 Nfxd5 20. Nd4 Rfd8 21. Qd3 Qc5 22. Nb5 e6 23. Qe4 Rd7 24. Qh4 Qc6 25. Nd4 Qc7 (25... Qa8 $15) 26. Nb5 (26. Bb5 $11) 26... Qd8 27. Qe4 (27. Qxd8+ $15 Rdxd8 28. g3) 27... Nf6 28. Qh4 Nfd5 29. Qe4 Ne7 30. Be3 d5 31. Qb4 Nc6 32. Bxb6 Qxb6 33. Qxa4 Ne5 34. b3 Rb7 35. c4 Rd8 ({Better is} 35... Nd7 $15 36. Rac1 Bh6) 36. Rac1 dxc4 {[%emt 0:00:24] [#] Strongly threatening ...Rxd1+.} 37. bxc4 Rxd1+ 38. Rxd1 Rb8 39. Qb4 Bf8 40. Qc3 Qc5 {[%emt 0:00:22][%cal Ob8b5] ...Rxb5! is the strong threat.} 41. Qg3 Rc8 42. Rc1 Bg7 43. Bf1 h5 44. Nc3 Qa3 ({Much worse is} 44... Nxc4 45. Nd1 Qa5 46. Bxc4 $11 (46. Rxc4 Rxc4 47. Bxc4 Qe1+ 48. Bf1 Qxd1 $17)) 45. Qf4 {[%emt 0:00:53] [#]} Qe7 ({Black should play} 45... Nf3+ $1 $17 46. gxf3 Bxc3) 46. Ne4 $11 Nd7 47. Rd1 Nc5 48. Nxc5 Rxc5 {[%emt 0:00:38] Weighted Error Value: White=0.15 (very precise) /Black=0.13 (very precise)} 1/2-1/2

[Event "79th LOTTO Polish-ch 2022"]
[Site "Kruszwica"]
[Date "2022.05.12"]
[Round "2.5"]
[White "Piorun, Kacper"]
[Black "Teclaf, Pawel"]
[Result "1-0"]
[ECO "D20"]
[WhiteElo "2635"]
[BlackElo "2537"]
[Annotator "TA"]
[PlyCount "161"]
[EventDate "2022.05.10"]
[EventType "k.o."]
[EventCountry "POL"]
[SourceTitle "playchess.com"]
[Source "ChessBase"]
[SourceQuality "1"]
[TimeControl "40/5400+30:1800+30"]

1. d4 d5 2. c4 dxc4 3. e3 e5 4. Nf3 exd4 5. Bxc4 Bd6 (5... Bb4+ $11 6. Bd2 Bxd2+ 7. Qxd2 (7. Kxd2 dxe3+ 8. Ke2 Qf6 $17) 7... Nf6) 6. Nxd4 {[%emt 0:01:10] D20: Queen's Gambit Accepted: 3 e3 and 3 e4.} (6. O-O $14) 6... Nf6 $11 7. Nc3 O-O {[%emt 0:00:37] [#]} 8. Qc2 $146 {[%emt 0:00:28] The position is equal.} ({Predecessor:} 8. O-O Nbd7 9. Nf3 Ne5 10. Nxe5 Bxe5 11. Qxd8 Rxd8 12. Rd1 Bg4 13. f3 Bxc3 14. Rxd8+ Rxd8 15. bxc3 {0-1 (50) Kizito,J-Kalugo,G (1766) Kampala 2021}) 8... Nbd7 (8... a6 {is interesting.} 9. O-O c5 10. Nf5 Bxf5 11. Qxf5 Nc6) 9. b3 Ne5 (9... Re8 {looks sharper.} 10. O-O c6 11. Rd1 Ne5) 10. Be2 $1 Qe7 11. h3 Rd8 12. Bb2 Ba3 13. Bxa3 Qxa3 14. O-O Qe7 15. Rab1 a5 16. a3 h6 17. b4 axb4 18. axb4 Bd7 19. Rfc1 Rac8 20. Na4 Bxa4 (20... Nc6 {with more complications.} 21. Nxc6 Bxc6 22. Qc5 Qe6) 21. Qxa4 c6 22. Qa7 Nd5 (22... Ne4 {looks sharper.} 23. Qa2 Qf6 24. Bf1 Qg6) 23. Qc5 Qf6 24. Qc2 Ne7 25. Qe4 N5g6 26. Bg4 Ra8 27. b5 Re8 ({Black should play} 27... Ra2 $14) 28. Bd7 $16 Red8 29. bxc6 bxc6 30. Bxc6 Rab8 31. Rxb8 Rxb8 32. Bb5 Qd6 {[%emt 0:00:34] Against Rc7} 33. Bd3 {[%emt 0:00:36] White is much more active.} Qd7 34. h4 Nd5 35. h5 Nf6 36. Qc6 Ne5 37. Qxd7 Nexd7 38. Be2 Ne5 39. Kh2 Re8 40. Kg1 $2 ({Better is} 40. Rc7 $18) 40... Kf8 $2 (40... Rb8 $11) 41. Rb1 Rc8 42. f4 Neg4 (42... Ned7 $16 {was called for.} 43. Bf3 Re8) 43. e4 $1 $18 {[%emt 0:00:29][%cal Be3e4,Be4e5][%mdl 32] Strongly threatening e5.} Ne3 44. e5 Ne4 45. Bf3 (45. Rb3 $18 Nc2 46. Nxc2 Rxc2 47. Bg4) 45... Nc3 (45... Nd2 $16 {was necessary.} 46. Rb4 Nxf3+ 47. Nxf3 Ng4) 46. Re1 Ned5 47. g3 Rd8 48. Nf5 Ne7 49. Nd6 Nc8 50. Nb7 Rd3 51. Kg2 Rd2+ 52. Kf1 {[%emt 0:00:30] Black must now prevent Rc1.} Rd3 53. Kf2 {[%emt 0:00:28] And now Rc1 would win.} Nb6 54. Nc5 Rd2+ 55. Kf1 Nc4 56. Rc1 Ne3+ 57. Ke1 Rc2 58. Rxc2 Nxc2+ {[%emt 0:00:28][%mdl 4096] Endgame KBN-KNN} 59. Kd2 Nd4 60. Kxc3 Nxf3 {[%emt 0:00:28] KN-KN} 61. Kd3 Ke7 62. Ke3 Ne1 63. Kd2 Nf3+ 64. Ke2 $1 Nd4+ {[%emt 0:00:29] [#]} 65. Ke3 $1 Nf5+ 66. Kf3 f6 67. g4 Nd4+ 68. Ke4 fxe5 $2 (68... Ne2 69. Nb3 Nc3+ 70. Kf5 Nd5) 69. fxe5 Nc6 70. Kf5 Kf7 71. e6+ Ke7 {[%emt 0:00:28] [#]} 72. Kg6 $2 (72. Nb3 $1 $18 {Hoping for Kg6.} Ke8 73. Nd2) 72... Ne5+ $11 73. Kxg7 Nxg4 74. Kg6 Kd6 75. Kf7 {[%emt 0:00:32] White wants to mate with Nd3.} Ne5+ 76. Kg7 Nc6 $2 {[%mdl 8192] [#] This costs Black the game.} (76... Ng4 $11) 77. Kxh6 $1 {[%emt 0:00:30] White mates.} Kxc5 78. Kg7 Kd6 79. h6 Nd8 80. h7 Nxe6+ 81. Kf6 {[%emt 0:00:29] Weighted Error Value: White=0.13 (very precise) /Black=0.22 (precise)} 1-0

[Event "79th LOTTO Polish-ch 2022"]
[Site "Kruszwica"]
[Date "2022.05.12"]
[Round "2.5"]
[White "Tomczak, Jacek"]
[Black "Socko, Bartosz"]
[Result "1-0"]
[ECO "B11"]
[WhiteElo "2584"]
[BlackElo "2636"]
[Annotator "TA"]
[PlyCount "165"]
[EventDate "2022.05.10"]
[EventType "k.o."]
[EventCountry "POL"]
[SourceTitle "playchess.com"]
[Source "ChessBase"]
[SourceQuality "1"]
[TimeControl "40/5400+30:1800+30"]

1. e4 c6 2. Nc3 d5 3. Nf3 Bg4 4. h3 Bxf3 5. Qxf3 e6 6. Be2 Bc5 {[%emt 0:00:30][%cal Bf8c5,Bc5d4,Bd4e5][%mdl 32] B11: Caro-Kann: Two Knights Variation.} 7. O-O Nd7 8. Qg3 Bd4 {[%emt 0:00:28] The position is equal.} (8... Ngf6 {with more complications.} 9. exd5 cxd5 10. Qxg7 Rg8) 9. exd5 exd5 10. Bd1 Ne7 11. Ne2 Be5 12. Qf3 O-O 13. d4 {[%emt 0:00:28] [#]} Bc7 $146 ({Predecessor:} 13... Bd6 14. c3 Ng6 15. Bc2 Qf6 16. Qxf6 Nxf6 17. g3 Rfe8 18. Bd3 Re6 19. c4 dxc4 20. Bxc4 {1-0 (61) McShane,L (2655)-Ghasi,A (2485) London 2021}) 14. c3 Nf6 15. Bc2 Ng6 16. Bg5 Qd6 $1 17. g3 Ne4 $1 18. Bxe4 dxe4 19. Qxe4 Rae8 20. Qf3 Qe6 21. Nf4 Bxf4 {[%emt 0:01:01][%mdl 64] Remove Defender} 22. Bxf4 Nxf4 23. Qxf4 Qxh3 24. Rfe1 Qd7 25. Qf3 Re6 26. Rxe6 Qxe6 $11 {[%emt 0:00:28][%mdl 4096] Endgame KQR-KQR} (26... fxe6 {is more complex.} 27. Qe2 Qd5 28. c4 Qxd4 29. Qxe6+ Rf7) 27. Qe3 Re8 28. Qxe6 Rxe6 {[%emt 0:00:28] KR-KR} 29. Kf1 {[%emt 0:00:28] Against Re2} f5 30. a4 Kf7 31. a5 a6 32. Ra4 g5 33. Rc4 Kf6 34. Kg2 h5 35. Rb4 Re7 36. Rc4 Re2 37. Rb4 Re7 38. Rc4 g4 39. Kf1 Kg5 40. Rc5 Kf6 41. Rc4 Kg6 42. Rc5 Kg5 43. b4 Kf6 44. d5 cxd5 45. Rxd5 Rc7 46. Rd6+ Ke5 47. Rb6 f4 48. gxf4+ Kxf4 49. Kg2 h4 50. Rf6+ $2 (50. b5 $11) 50... Ke5 $2 (50... Kg5 $19 51. Re6 h3+ 52. Kh2 Rxc3) 51. Rh6 h3+ 52. Kg3 Rxc3+ 53. Kxg4 Rc4+ 54. Kg5 Rxb4 55. Rxh3 Rb1 56. Re3+ Kd4 57. Re7 Kd5 58. f4 Kd6 59. Rh7 Kc6 60. f5 {[%emt 0:00:29] Hoping for f6.} Rb5 61. Kg6 Rxa5 62. f6 Rd5 $2 {[%emt 0:00:29][%mdl 8192] [#]} (62... Ra2 $11) 63. f7 $1 $18 Rd8 {[%emt 0:00:28] [#]} 64. Rg7 $1 ({Less strong is} 64. Kg7 b5 $16) 64... Rf8 65. Rg8 {[%emt 0:00:28][%mdl 64] Trapped Piece} Rxf7 66. Kxf7 {[%emt 0:00:28] KR-KPP} Kd5 67. Kf6 b5 $2 (67... a5 $11) 68. Kf5 {[%emt 0:00:28] White mates.} Kd4 69. Kf4 Kd3 70. Rd8+ Kc2 71. Ke3 b4 72. Rc8+ Kb2 73. Kd3 b3 74. Ra8 Kc1 75. Rc8+ Kb2 76. Rc5 Kb1 77. Kc3 b2 78. Kb3 a5 79. Rxa5 Kc1 80. Rc5+ Kb1 81. Rc6 ({Not} 81. Rc2 Ka1 82. Rxb2 $11) 81... Ka1 82. Ra6+ Kb1 83. Ra2 {[%emt 0:00:28] White used his chance.  Weighted Error Value: White=0.18 (very precise) /Black=0.10 (very precise)} 1-0

[Event "79th LOTTO Polish-ch 2022"]
[Site "Kruszwica"]
[Date "2022.05.12"]
[Round "2.5"]
[White "Teclaf, Pawel"]
[Black "Piorun, Kacper"]
[Result "1-0"]
[ECO "C65"]
[WhiteElo "2537"]
[BlackElo "2635"]
[Annotator "TA"]
[PlyCount "155"]
[EventDate "2022.05.10"]
[EventType "k.o."]
[EventCountry "POL"]
[SourceTitle "playchess.com"]
[Source "ChessBase"]
[SourceQuality "1"]
[TimeControl "40/5400+30:1800+30"]

1. e4 e5 2. Nf3 Nc6 3. Bb5 Nf6 4. d3 Bc5 5. O-O Nd4 6. Nxd4 Bxd4 7. c3 {[%emt 0:00:28] C65: Ruy Lopez: Berlin Defence (3...Nf6), unusual lines and 4 0-0 Bc5.} Bb6 8. Na3 {[%emt 0:00:28] 8.Ba4 gains popularity.} c6 9. Ba4 {[%emt 0:00:29] The position is equal.} d6 10. Bc2 O-O 11. Bg5 {[%emt 0:00:29] [#]} d5 $146 {[%emt 0:00:35] Prevents Nc4.} (11... h6 $11 {should be considered.} 12. Bxf6 Qxf6) ({Predecessor:} 11... h6 12. Bh4 g5 13. Bg3 Bg4 14. Qd2 Nh5 15. Nc4 Bc7 16. d4 Qe7 17. Ne3 Bd7 {1-0 (58) So,W (2765)-Navara,D (2738) Saint Louis 2019}) 12. h3 Be6 13. Qe2 Re8 14. exd5 Bxd5 15. Rad1 Bc7 ({Don't do} 15... Bxa2 16. b3 $16 (16. Nc4 Bxc4 17. dxc4 Qe7 $11)) 16. Nc4 h6 17. Bh4 Bxc4 18. dxc4 Qe7 19. Bxf6 Qxf6 20. Rd7 Re7 21. Rfd1 g6 22. c5 Kg7 23. Qe4 Qe6 24. Rxe7 Qxe7 25. Bb3 Rd8 26. Rxd8 Qxd8 $11 {[%mdl 4096] Endgame KQB-KQB} 27. Qc4 Qe7 28. Qb4 e4 29. Kf1 Qd7 (29... Qg5 $11) 30. Qxe4 $14 Qd2 31. Qd4+ Qxd4 32. cxd4 {[%emt 0:00:27] KB-KB} Kf6 33. g3 Ke7 34. Ke2 f6 35. Bg8 Ba5 36. a3 Bc7 37. b4 b6 38. Kd3 bxc5 39. dxc5 Be5 40. g4 Bb2 41. a4 Ba3 42. Kc4 $1 Bb2 43. b5 Kd7 $2 (43... g5 $16 44. b6 (44. bxc6 Kd8 $16) 44... a5) 44. Bh7 $1 $18 g5 (44... Ba3 $142 45. Bxg6 Bc1 46. Bf5+ Kc7) 45. Be4 (45. Bf5+ $1 $18 {and the rest is easy.} Kc7 46. f3) 45... cxb5+ $16 46. axb5 Be5 $2 (46... Ke6 $16 47. Bg6 Ke5) 47. Kd5 $2 (47. Bc2 $18 {and White stays clearly on top.} Bf4 48. Bf5+ Kc7 49. Bg6) 47... Bf4 $2 (47... Bh2 $16 48. Bf5+ Kc7) 48. Bf5+ Kc7 49. Ke6 Be5 50. Kd5 $2 (50. c6 $18 a6 51. bxa6 Kxc6 52. f3) 50... Bc3 $2 (50... Bf4 $11) 51. c6 Bb2 52. f3 Be5 53. Ke6 Bd4 54. Kf7 a6 (54... Kd8 $142 55. f4 Be3 56. Kxf6 Bxf4) 55. bxa6 $18 Kxc6 56. Kg6 Kd6 57. Kxh6 (57. f4 $142 Kd5 58. Kxh6) 57... Ke7 58. Kg6 Be3 59. Bc2 Bd4 60. Bb3 Be3 61. Kh5 Bd4 62. h4 Be3 63. hxg5 fxg5 64. Kg6 Kd6 65. a7 $2 (65. f4 $1 $18 {[%cal Rf4g5] is the precise move to win.} gxf4 66. g5) 65... Bxa7 $16 66. Kxg5 Be3+ 67. Kf6 Bd4+ 68. Kf5 Ke7 69. f4 {[%emt 0:00:28][%cal Bf3f4,Bf4f5,Bf5f6][%mdl 32] White wants to mate with Kg6.} Be3 70. Ke5 Bc1 71. g5 Bd2 72. Kf5 Kf8 73. Kg4 {[%emt 0:00:30] White threatens f5 and mate.} Kg7 74. f5 {[%emt 0:00:28] Threatening mate with f6+.} Bc1 $2 {[%emt 0:00:30][%mdl 8192] [#]} (74... Bc3 $16) 75. Bc4 $2 (75. f6+ $1 {mates} Kh8 76. g6 Bh6 77. Kf5 Bf8 78. Ke6 Bg7 79. fxg7+ (79. Kf7 Bxf6 80. Bc4 Bd4 $11) 79... Kxg7 80. Bc2) 75... Bd2 $2 {[%emt 0:00:29][%mdl 8192] [#]} (75... Bb2 $16) 76. f6+ $1 {[%emt 0:00:30] White mates.} Kg6 77. Bd3+ Kf7 78. Kf5 {Weighted Error Value: White=0.43/Black=0.36} 1-0

[Event "79th LOTTO Polish-ch 2022"]
[Site "Kruszwica"]
[Date "2022.05.12"]
[Round "2.5"]
[White "Nasuta, Grzegorz"]
[Black "Kosakowski, Jakub"]
[Result "0-1"]
[ECO "C50"]
[WhiteElo "2511"]
[BlackElo "2435"]
[Annotator "TA"]
[PlyCount "144"]
[EventDate "2022.05.10"]
[EventType "k.o."]
[EventCountry "POL"]
[SourceTitle "playchess.com"]
[Source "ChessBase"]
[SourceQuality "1"]
[TimeControl "40/5400+30:1800+30"]

1. e4 e5 2. Nf3 Nc6 3. Bc4 Bc5 4. O-O Nf6 5. d3 d6 6. c3 a5 $1 {[%emt 0:00:29][%mdl 4] 6...a5 is a critical line. C54: Giuoco Piano: 4 c3 Nf6, main lines with 5 d4 and 5 d3.} 7. Re1 O-O 8. h3 h6 {[%emt 0:00:29] The position is equal.} 9. Bb5 Ne7 10. d4 Bb6 11. Nbd2 c6 12. Bd3 Ng6 13. Nf1 Re8 14. Ng3 Be6 15. Be3 Bc7 {[%emt 0:00:40] [#]} 16. Qc2 $146 ({Predecessor:} 16. Qd2 Qe7 17. b3 a4 18. b4 b5 19. Rac1 Qd7 20. a3 Red8 21. Bb1 Qe8 22. Qe2 {½-½ (57) Giri,A (2774)-Nakamura,H (2736) Chess.com INT 2021}) 16... a4 17. c4 exd4 18. Nxd4 Nd7 19. f4 {[%emt 0:00:47] And now f5 would win.} ({Don't play} 19. Nxe6 fxe6 20. Be2 Rf8 $11) 19... Nc5 20. Nxe6 fxe6 21. e5 Nxd3 22. Qxd3 Nh4 23. exd6 Qxd6 (23... Bxd6 {looks sharper.} 24. Rad1 Bb4 25. Qc2 Qe7) 24. Qxd6 Bxd6 25. Ne4 Bc7 26. Rad1 Rad8 (26... Nf5 $11 {keeps the balance.}) 27. Rxd8 (27. Bf2 $5 Rxd1 28. Rxd1 $14) 27... Rxd8 28. Nc5 (28. Bf2 $5 Ng6 29. g3 $14) 28... Bb6 $1 29. Nxa4 Bxe3+ 30. Rxe3 $11 {[%emt 0:00:28][%mdl 4096] Endgame With the idea Re2. KRN-KRN} Rd2 {[%emt 0:00:29] Inhibits Re2.} 31. g3 Nf5 32. Rf3 b5 33. cxb5 cxb5 34. Nc5 Rxb2 35. Nxe6 Rxa2 36. g4 Nd6 37. Rd3 Ra6 38. f5 b4 39. Kf2 Rb6 {[%emt 0:00:33] [#] Hoping for ...b3.} 40. Nc5 Rb5 41. Nb3 Ne4+ 42. Ke3 Nc3 43. Kd4 Rb8 44. Kc4 Na2 45. Rd7 Rc8+ 46. Kd4 Nc3 47. Rb7 Ne2+ 48. Ke5 Rc3 49. Rxb4 Rxh3 ({Black should try} 49... Re3+ $1 $11 50. Kd5 Rd3+ 51. Ke4 Rxh3) 50. Nc5 (50. Rb8+ $1 $14 Kf7 51. Rb7+ Kg8 52. Nc5 Re3+ 53. Kd6) 50... Re3+ 51. Kd6 Ng3 52. Ne6 {[%emt 0:00:31] Rb8+ would kill now.} h5 $2 (52... Ne4+ $11 53. Kc6 Nf2) 53. Rb7 $2 (53. Rb8+ Kh7 54. Ng5+ Kh6 55. Nf7+ Kh7 56. Rh8#) 53... hxg4 $2 {[%emt 0:00:31][%mdl 8192] [#]} (53... Ne4+ $11 54. Kc6 hxg4) 54. Rxg7+ $2 (54. Rb8+ $1 {mates} Kh7 55. Ng5+ Kh6 56. Nf7+ Kh7 57. Rh8#) 54... Kh8 55. Rg5 {[%emt 0:00:29][%mdl 8192] Black converts the advantage convincingly.} (55. Rf7 $11) 55... Ne4+ {[%emt 0:00:28] Black mates.} 56. Kd5 Nxg5 57. Nxg5 {[%emt 0:00:28] KR-KN} g3 58. Kd4 g2 59. Kxe3 g1=Q+ 60. Kf4 Kg7 61. Ne4 Qd4 62. Kf3 Kh6 63. Kf4 Kh5 64. Kf3 Qe5 65. Ng3+ Kg5 66. Ne4+ Kxf5 67. Nf2 Qc3+ 68. Ke2 Kf4 69. Nd3+ Ke4 70. Nf2+ Kd4 71. Nd1 Qc2+ 72. Ke1 Kd3 {[%emt 0:00:29] Weighted Error Value: White=0.50/Black=0.35} 0-1

[Event "79th LOTTO Polish-ch 2022"]
[Site "Kruszwica"]
[Date "2022.05.12"]
[Round "2.6"]
[White "Piorun, Kacper"]
[Black "Teclaf, Pawel"]
[Result "1-0"]
[ECO "A40"]
[WhiteElo "2635"]
[BlackElo "2537"]
[Annotator "TA"]
[PlyCount "110"]
[EventDate "2022.05.10"]
[EventType "k.o."]
[EventCountry "POL"]
[SourceTitle "playchess.com"]
[Source "ChessBase"]
[SourceQuality "1"]
[TimeControl "40/5400+30:1800+30"]

1. d4 e6 2. c4 b6 3. e4 Bb7 4. Nd2 Nf6 5. Bd3 Bb4 6. Qe2 {[%emt 0:00:45] A40: Unusual replies to 1 d4.} d6 {[%emt 0:00:37] [#]} 7. a3 $146 ({Predecessor:} 7. Ngf3 c5 8. d5 e5 9. O-O Bxd2 10. Bxd2 Bc8 11. h3 h6 12. Nh4 g5 13. Nf5 Bxf5 14. exf5 {1-0 (24) Sabrowski,U (2127)-Engelhardt,E (1818) Berlin 2009}) 7... Bxd2+ 8. Bxd2 {[%emt 0:00:31] White is slightly better.} e5 9. Nf3 Nc6 10. d5 Ne7 11. b4 Nd7 12. g3 O-O 13. Nh4 c6 14. O-O a5 15. dxc6 Bxc6 16. Ng2 ({White should play} 16. Bg5 $16) 16... Re8 (16... f5 $14 {is superior.}) 17. Ne3 Nf8 18. Nd5 Ne6 19. Be3 Rb8 20. f3 Ba8 21. Qf2 {[%emt 0:00:33] White is much more active.} Nd4 22. Bxd4 exd4 23. Nxe7+ Qxe7 24. Qxd4 h5 25. h4 Qc7 26. Kg2 Bc6 27. Rfd1 Red8 28. Qe3 Bd7 29. Qg5 axb4 30. axb4 Be6 (30... Re8 $142 31. Qd5 (31. Qxh5 $2 Re5 $19) 31... Be6 32. Qxh5 Bxc4) 31. Rac1 Ra8 32. Rc2 {[%emt 0:00:46] Against Ra2} Ra4 (32... g6 $16 33. Qf6 Re8) 33. Qxh5 {[%emt 0:00:42][%cal Oe4e5] [#] aiming for e5!} Rxb4 34. e5 dxe5 {[%emt 0:00:34] ...e4 is the strong threat.} 35. Qh7+ Kf8 36. Qh8+ Ke7 37. Qxg7 e4 (37... Rxc4 $16 38. Qg5+ Kf8 39. Qh6+ (39. Bxc4 Rxd1 40. Bb3 Qd6 $16) 39... Ke7 40. Bxc4 Rxd1) 38. Qg5+ Kf8 (38... Ke8 $16 39. fxe4 Qc5) 39. fxe4 $18 {[%emt 0:00:35] Strongly threatening Rcd2. Chess con chili.} Rb3 $2 (39... Qe7 {keeps fighting.} 40. Qh6+ Kg8) 40. Rcd2 Ke8 (40... Ra3 $142 41. e5 Rd7) 41. h5 {[%emt 0:30:37] Threatens to win with Be2.} Qe7 42. Qf4 Kf8 43. Bc2 Rxd2+ 44. Rxd2 {[%emt 0:00:31] White wants to mate with Qb8+.} Rb2 45. h6 (45. Qb8+ $142 Kg7 46. Qe5+ Kg8 47. Qxb2) 45... Kg8 46. e5 ({Avoid the trap} 46. Qe5 $2 {[#]} Bh3+ $1 47. Kxh3 Qxe5 $19) 46... Qb7+ 47. Kh2 Qe7 48. h7+ (48. Qh4 $142 Qxh4+ 49. gxh4 Rxc2 50. Rxc2) 48... Kh8 49. Qd4 {[%emt 0:00:30] Qd8+ would kill now.} Bd7 50. e6+ {[%emt 0:00:33] White mates.} f6 51. exd7 Rxc2 52. d8=Q+ Qxd8 53. Qxd8+ Kxh7 54. Rf2 f5 55. Qd6 Rxf2+ {[%emt 0:00:29] Weighted Error Value: White=0.16 (very precise) /Black=0.32} 1-0

[Event "79th LOTTO Polish-ch 2022"]
[Site "Kruszwica"]
[Date "2022.05.13"]
[Round "3.1"]
[White "Wojtaszek, Radoslaw"]
[Black "Moranda, Wojciech"]
[Result "1/2-1/2"]
[ECO "D41"]
[WhiteElo "2696"]
[BlackElo "2630"]
[Annotator "TA"]
[PlyCount "63"]
[EventDate "2022.05.10"]
[EventType "k.o."]
[EventCountry "POL"]
[SourceTitle "playchess.com"]
[Source "ChessBase"]
[SourceQuality "1"]
[TimeControl "40/5400+30:1800+30"]

1. d4 Nf6 2. c4 e6 3. Nf3 d5 4. Nc3 c5 5. cxd5 cxd4 6. Qxd4 exd5 7. Bg5 Be7 8. e3 O-O {[%emt 0:00:29] D50: Queen's Gambit Declined: Dutch-Peruvian Gambit.} 9. Be2 Nc6 10. Qd3 {[%emt 0:01:36] Nowadays more popular than 10.Qa4.} h6 {[%emt 0:01:43] The position is equal.} 11. Bh4 Qb6 12. O-O Rd8 ({But not} 12... Qxb2 13. Rab1 Qa3 14. Bxf6 (14. Nxd5 Nxd5 15. Qxd5 Bxh4 $11) 14... Bxf6 15. Nxd5 Qxd3 16. Bxd3 $14 (16. Nxf6+ gxf6 17. Bxd3 Rb8 $16)) 13. Rfd1 Be6 14. h3 a6 15. a3 Rac8 (15... Qxb2 $2 16. Rdb1 Bf5 17. Rxb2 $18) 16. b4 Qa7 {[%emt 0:01:49] [#]} 17. Rac1 $146 ({Predecessor:} 17. Bf1 Qb8 18. Rac1 a5 19. bxa5 Nxa5 20. a4 Nb3 21. Rb1 {½-½ (52) Schleef,H (2278)-Svrsek Jr,R (1929) LSS email 2020}) 17... b5 18. Bf1 Qb6 19. Ne2 g5 20. Bg3 Ne4 21. Bh2 a5 22. Ned4 Nxd4 23. Nxd4 {[%emt 0:01:59] And now bxa5 would win.} axb4 24. axb4 Rc4 $1 25. f3 {[%emt 0:04:36] [#]} (25. Qb1 $11) 25... Nf6 $2 (25... Rdc8 $1 $17 {stays on course.} 26. Rc2 (26. Ra1 Nc3) 26... Nc3) 26. Qb1 ({Don't do} 26. Be5 Nd7 27. Bg3 (27. Nxe6 $2 Nxe5 28. Qe2 fxe6 $19) 27... Bxb4 $14) ({White should play} 26. Rb1 $1 $16) 26... Rxb4 $11 27. Qc2 {[%emt 0:00:08] Bc7 is the strong threat.} Rc4 28. Bxc4 dxc4 29. Kh1 {[%emt 0:00:39] [#]} (29. Be5 $11 {keeps the balance.}) 29... b4 $1 $17 30. Be5 c3 31. Nxe6 {[%emt 0:04:39] [#]} Rxd1+ 32. Rxd1 {[%emt 0:01:36] Weighted Error Value: White=0.24 (precise) /Black=0.19 (very precise)} 1/2-1/2

[Event "79th LOTTO Polish-ch 2022"]
[Site "Kruszwica"]
[Date "2022.05.13"]
[Round "3.1"]
[White "Socko, Bartosz"]
[Black "Gumularz, Szymon"]
[Result "1-0"]
[ECO "D05"]
[WhiteElo "2636"]
[BlackElo "2513"]
[Annotator "TA"]
[PlyCount "45"]
[EventDate "2022.05.10"]
[EventType "k.o."]
[EventCountry "POL"]
[SourceTitle "playchess.com"]
[Source "ChessBase"]
[SourceQuality "1"]
[TimeControl "40/5400+30:1800+30"]

1. d4 d5 2. Nf3 Nf6 3. e3 e6 4. Bd3 c5 5. b3 Nc6 6. O-O Be7 7. Bb2 b6 {[%emt 0:05:35] D05: Colle System with ...e6.} 8. dxc5 $5 {[%emt 0:00:27][%mdl 4] An interesting side line.} bxc5 9. c4 O-O {[%emt 0:00:50] The position is equal.} 10. Nbd2 {[%emt 0:01:08] [#]} Qb6 $146 ({Predecessor:} 10... Bb7 11. Rc1 Qb6 12. a4 Rfd8 13. cxd5 exd5 14. Qc2 h6 15. Nh4 d4 16. Nf5 Bf8 {0-1 (33) Ibragimov,I (2582)-Onischuk,A (2655) Philadelphia 2004}) 11. Rc1 Rd8 12. cxd5 exd5 13. a3 d4 (13... g6 $11 {keeps the balance.}) 14. exd4 $16 Nxd4 15. Re1 ({White should try} 15. Nxd4 $16 cxd4 16. Nc4) 15... Bf8 (15... Nxf3+ $1 $11 16. Qxf3 (16. Nxf3 Be6 $11) 16... Bg4) 16. Nxd4 cxd4 17. Nc4 {[%emt 0:00:08][%cal Bd2c4,Bc4a5,Ba5c6][%mdl 32] White is more active.} Qb7 18. Na5 Qd5 19. Nc6 {[%emt 0:02:52][%cal Od3c4] [#] Black must now prevent Bc4!} Bg4 $2 {[%emt 0:11:55] A mistake that costs the game.} (19... Bb7 $2 20. Re5 Qxc6 21. Rxc6 Bxc6 22. h3 $18) (19... Re8 $16 {is a better defense.}) 20. f3 $18 Rdc8 (20... Be6 {was called for.} 21. Nxd8 Rxd8) 21. fxg4 {[%emt 0:00:50] White is clearly winning.} Rxc6 22. g5 Rxc1 23. Bxc1 {[%emt 0:00:43] Weighted Error Value: White=0.11 (very precise) /Black=0.51} 1-0